cohdb
Replays
Latest Replays
All Replays
Popular Replays
Top Player Replays
Match Explorer
How It Works
Community
CoH3 Stats
Reddit
Sign in to upload your games and track your stats! →
Sign in with Steam
Match 46915334
Unlisted
Match 46915334
Overview
Messages
Build Orders
End
Construct Infanterie Kompanie
Selects Italian Coastal Battlegroup
Selects Coastal Reserves
Coastal Reserve
MG 42 Machine Gun Team
GrW 34 Mortar Team
Coastal Reserve
Medical Station
MG 42 Bunker
Selects Support Bunkers
Construct Panzergrenadier Kompanie
Selects Rapid Fortifications
Rapid Fortifications
Support Elements
MG 42 Bunker
Nebelwerfer 42 Rocket Launcher Team
StuG III G Assault Gun
Panzergrenadier Squad
Selects Bulwark
Panzergrenadier Squad
Medical Bunker
Panzergrenadier Officer Quarters
Lowang
ReNsKu
173687052
Yeeeeeeet
^8Prof. Mcihael
adler
JollyRedRockett
Shaka
0
0
Comments
sign in to comment!
No comments posted yet!